 Dungeon Crawl Stone Soup version 0.26-a0-651-gb41185065b (webtiles) character file.

Game seed: 2380963315204609333

91 vurker the Sneak (level 4, 0/32 HPs)
             Began as a Gnoll Enchanter on Oct 21, 2020.
             Killed from afar by Robin (9 damage)
             ... with a puff of flame
             ... on level 2 of the Dungeon.
             The game lasted 00:02:37 (2268 turns).

vurker the Sneak (Gnoll Enchanter)                  Turns: 2268, Time: 00:02:38

Health: 0/32       AC:  5    Str: 11    XL:     4   Next: 59%
Magic:  11/11      EV: 12    Int: 18    God:
Gold:   76         SH:  0    Dex: 15    Spells: 12/13 levels left

rFire    . . .     SeeInvis .   a - +1 dagger
rCold    . . .     Faith    .   (no shield)
rNeg     . . .     Spirit   .   j - +0 ring mail
rPois    .         Reflect  .   (no helmet)
rElec    .         Harm     .   (no cloak)
rCorr    .         Rampage  .   (no gloves)
MR       .....                  (no boots)
Stlth    +++.......             m - amulet of regeneration
HPRegen  0.50/turn              p - ring of wizardry
MPRegen  0.12/turn              (no ring)

@: no status effects
A: distributed training, fangs 1, strong nose
a: no special abilities


You were on level 2 of the Dungeon.
You visited 1 branch of the dungeon, and saw 2 of its levels.

You collected 76 gold pieces.

Inventory:

Hand Weapons
 a - a +1 dagger (weapon)
Armour
 j - a +0 ring mail (worn)
   (You found it on level 1 of the Dungeon)
Jewellery
 m - an amulet of regeneration (around neck)
   (You found it on level 2 of the Dungeon)
 p - a ring of wizardry (left hand)
   (You found it on level 2 of the Dungeon)
Wands
 t - a wand of flame (26)
   (You found it on level 2 of the Dungeon)
Scrolls
 b - 2 scrolls of fog {unknown}
 c - 4 scrolls of identify {unknown}
 d - 3 scrolls of amnesia {unknown}
 e - a scroll of noise {unknown}
 f - a scroll of magic mapping {unknown}
 i - a scroll of teleportation {unknown}
 k - a scroll of random uselessness {unknown}
 n - a scroll of enchant weapon {unknown}
 o - a scroll of remove curse {unknown}
 q - a scroll of blinking {unknown}
Potions
 g - a potion of mutation {unknown}
 h - a potion of stabbing {unknown}
 l - a potion of haste {unknown}
 r - a potion of resistance {unknown}


   Skills:
 + Level 1.2 Fighting
 + Level 2.8 Short Blades
 + Level 1.2 Long Blades
 + Level 1.2 Axes
 + Level 1.2 Maces & Flails
 + Level 1.2 Polearms
 + Level 1.2 Staves
 + Level 1.2 Slings
 + Level 1.2 Bows
 + Level 1.2 Crossbows
 + Level 1.2 Throwing
 + Level 1.2 Armour
 + Level 4.6 Dodging
 + Level 6.0 Stealth
 + Level 1.2 Shields
 + Level 1.2 Unarmed Combat
 + Level 5.1 Spellcasting
 + Level 1.0 Conjurations
 + Level 5.5 Hexes
 + Level 1.0 Summonings
 + Level 1.0 Necromancy
 + Level 1.0 Translocations
 + Level 1.0 Transmutations
 + Level 1.0 Fire Magic
 + Level 1.0 Ice Magic
 + Level 1.0 Air Magic
 + Level 1.0 Earth Magic
 + Level 1.0 Poison Magic
 + Level 1.3 Invocations
 + Level 1.2 Evocations


You had 12 spell levels left.
You knew the following spells:

 Your Spells              Type           Power        Failure   Level
a - Corona                Hex            ###....      1%          1

Your spell library contained the following spells:

 Spells                   Type           Power        Failure   Level
 Ensorcelled Hibernation  Hex/Ice        ###...       4%          2
 Confusing Touch          Hex            ###.....     4%          3
 Tukima's Dance           Hex            ###.....     4%          3
 Dazzling Flash           Conj/Hex       ###...       10%         3


Dungeon Overview and Level Annotations

Branches:
Dungeon (2/15)

Altars:
Gozag
The Shining One

Annotations:
D:2 Robin


Innate Abilities, Weirdness & Mutations

Your experience applies equally to all skills.
You have very sharp teeth.
Your uncanny sense of smell can sniff out nearby items.


Message History

You hit the quokka. The quokka barely misses you. The goblin hits you.
You hit the quokka but do no damage. Your bite misses the quokka.
The quokka closely misses you.
You closely miss the quokka. The goblin hits you. The quokka barely misses you.
You hit the quokka but do no damage. The goblin hits you but does no damage.
The quokka closely misses you.
You hit the quokka but do no damage.
The hobgoblin no longer looks unusually strong. x2
The quokka bites you but does no damage.
Robin says, "A pitiful Gnoll like you will never find the ORB!"
Robin roars a battlecry!
The hobgoblins go into a battle-frenzy!
The goblin misses you.
A goblin comes into view. It is wielding a +0 club.
The goblin shouts!
You barely miss the quokka.
The quokka bites you but does no damage.
The goblin closely misses you.
Robin says, "Kneel, worm!"
You hit the quokka.
You kill the quokka!
The goblin hits you but does no damage.
You hit the hobgoblin.
The goblin no longer looks unusually strong. x3
The hobgoblin hits you but does no damage.
The goblin hits you but does no damage.
Robin roars a battlecry!
The goblins go into a battle-frenzy!
You hit the hobgoblin but do no damage. The hobgoblin hits you with a +0 club.
The goblin barely misses you.
You hit the hobgoblin.
You kill the hobgoblin!
The goblin hits you but does no damage.
You barely miss Robin. You hit Robin but do no damage.
Robin closely misses you. The goblin misses you.
You hit Robin. The goblin hits you.
Robin says, "Duck!"
Robin hits you but does no damage.
You hit Robin. The goblin hits you.
* * * LOW HITPOINT WARNING * * *
Robin hits you with a +0 mace.
* * * LOW HITPOINT WARNING * * *
You closely miss the giant cockroach. You bite the giant cockroach.
The giant cockroach closely misses you. The goblin hits you.
* * * LOW HITPOINT WARNING * * *
You hit the giant cockroach.
Robin zaps a wand.
The puff of flame hits you!
You die...

###..........##.#.. ..
..#)...........
....#..........#+
#..#..........#
#..#..........#
###...<....#....#
s....######.#.#..#
.#.#####gg.........#..#
....ggg@s##..###.###..#
.########......#
#.......#######
#.#####.......#
#.#####....####
#.....#....# #######
#.....#....# #.....##
#.#>..#....#
##.##.##.#.....#.....


You could see Robin, a giant cockroach, a hobgoblin (strong) and 3 goblins.

Vanquished Creatures
  Terence (D:2)
  An adder (D:2)
  3 dart slugs (D:2)
  2 leopard geckos (D:2)
  2 ball pythons (D:2)
  3 giant cockroaches
  10 goblins
  6 hobgoblins
  8 kobolds
  2 quokkas (D:2)
  3 bats (D:2)
  2 frilled lizards (D:1)
  6 rats
49 creatures vanquished.

Notes
Turn   | Place    | Note
-------+----------+-------------------------------------------
     0 | D:1      | vurker the Gnoll Enchanter began the quest for the Orb.
     0 | D:1      | Reached XP level 1. HP: 13/13 MP: 6/6
   349 | D:1      | Reached XP level 2. HP: 11/19 MP: 7/7
  1380 | D:2      | Reached XP level 3. HP: 25/25 MP: 9/9
  1389 | D:2      | Reached skill level 5 in Spellcasting
  1412 | D:2      | Found a glowing golden altar of the Shining One.
  1710 | D:2      | Reached skill level 6 in Stealth
  1802 | D:2      | Reached skill level 1 in Invocations
  1862 | D:2      | Found an opulent altar of Gozag.
  1917 | D:2      | Noticed Terence
  1990 | D:2      | Killed Terence
  1990 | D:2      | Reached skill level 1 in Fighting
  1990 | D:2      | Reached skill level 1 in Long Blades
  1990 | D:2      | Reached skill level 1 in Axes
  1990 | D:2      | Reached skill level 1 in Maces & Flails
  1990 | D:2      | Reached skill level 1 in Polearms
  1990 | D:2      | Reached skill level 1 in Staves
  1990 | D:2      | Reached skill level 1 in Slings
  1990 | D:2      | Reached skill level 1 in Bows
  1990 | D:2      | Reached skill level 1 in Crossbows
  1990 | D:2      | Reached skill level 1 in Throwing
  1990 | D:2      | Reached skill level 1 in Armour
  1990 | D:2      | Reached skill level 1 in Shields
  1990 | D:2      | Reached skill level 1 in Unarmed Combat
  1990 | D:2      | Reached skill level 1 in Evocations
  1990 | D:2      | Reached XP level 4. HP: 16/32 MP: 9/11
  2235 | D:2      | Noticed Robin
  2247 | D:2      | Reached skill level 1 in Conjurations
  2247 | D:2      | Reached skill level 1 in Summonings
  2247 | D:2      | Reached skill level 1 in Necromancy
  2247 | D:2      | Reached skill level 1 in Translocations
  2247 | D:2      | Reached skill level 1 in Transmutations
  2247 | D:2      | Reached skill level 1 in Fire Magic
  2247 | D:2      | Reached skill level 1 in Ice Magic
  2247 | D:2      | Reached skill level 1 in Air Magic
  2247 | D:2      | Reached skill level 1 in Earth Magic
  2247 | D:2      | Reached skill level 1 in Poison Magic
  2268 | D:2      | Killed from afar by Robin

Illustrated notes

Levels and vault maps discovered:
D:1:      sevenhm_arrival_forest_fort_small_5, layout_rooms, serial_park_tiny_1,
          nrook_campfire
D:2:      layout_basic, lemuel_doored_altar, marbit_many_paths,
          fedhas_altar_fruit_tree, uniq_robin, uniq_terence

Skill      XL: |  1  2  3  4 |
---------------+-------------+-----
Spellcasting   | 5 |  5.1
Stealth        | 6 |  6.0
Invocations    | 1 |  1.3
Fighting       | 1 |  1.2
Long Blades    | 1 |  1.2
Axes           | 1 |  1.2
Maces & Flails | 1 |  1.2
Polearms       | 1 |  1.2
Staves         | 1 |  1.2
Slings         | 1 |  1.2
Bows           | 1 |  1.2
Crossbows      | 1 |  1.2
Throwing       | 1 |  1.2
Armour         | 1 |  1.2
Shields        | 1 |  1.2
Unarmed Combat | 1 |  1.2
Evocations     | 1 |  1.2
Conjurations   | 1 |  1.0
Summonings     | 1 |  1.0
Necromancy     | 1 |  1.0
Translocations | 1 |  1.0
Transmutations | 1 |  1.0
Fire Magic     | 1 |  1.0
Ice Magic      | 1 |  1.0
Air Magic      | 1 |  1.0
Earth Magic    | 1 |  1.0
Poison Magic   | 1 |  1.0
Short Blades   | |  2.8
Dodging        | |  4.6
Hexes          | |  5.5

Action                   |  1- 3 |  4- 6 || total
-------------------------+-------+-------++-------
Melee: Dagger            |   195 |    59 ||   254
       Bite              |    16 |     3 ||    19
 Cast: Corona            |     4 |       ||     4
 Stab: Sleeping          |     4 |     2 ||     6
Armor: Robe              |    18 |       ||    18
       Ring mail         |    34 |    24 ||    58
Dodge: Dodged            |   113 |    37 ||   150

Table legend: (Time is in decaauts)
 A = Elapsed time spent in this place.
 B = Non-inter-level travel time spent in this place.
 C = Inter-level travel time spent in this place.
 D = Time resting spent in this place.
 E = Time spent auto-exploring this place.
 F = Levels seen in this place.
 G = Mean time per level.
                   A        B        C        D        E       F      G
               +--------+--------+--------+--------+--------+-----+--------+
         Total |   2241 |   2144 |     97 |      0 |   1687 |   2 | 1120.5 |
       Dungeon |   2241 |   2144 |     97 |      0 |   1687 |   2 | 1120.5 |
               +--------+--------+--------+--------+--------+-----+--------+

Top non-repeatable levels by time:
     D:1: 1328 daAuts
     D:2: 913 daAuts
